Jets vs Sabres
Created - May 2, 2019 at 19:08
Goals
|
Jets |
0 |
0 |
4 |
0 |
0 |
4 |
Sabres |
0 |
3 |
1 |
0 |
1 |
5 |
|
Shots
|
Jets |
12 |
9 |
15 |
2 |
3 |
38 |
Sabres |
9 |
15 |
11 |
2 |
2 |
37 |
|
1st period
No Goal
Penalties :
Derek Stepan (Win) for Holding (Minor) at 13:25
2nd period
1. Sabres , Ilya Kovalchuk 24 (Zach Bogosian 36, Zack Kassian 50) at 9:15 (PP)
2. Sabres , Ilya Kovalchuk 25 (Jared Cowen 20, Michael Frolik 42) at 10:45
3. Sabres , Andrei Loktionov 33 (Michael Frolik 43, Zack Kassian 51) at 11:44
Penalties :
Ilya Kovalchuk (Buf) for Delaying the game (Minor) at 3:42, Justin Braun (Win) for Roughing (Minor) at 8:18, Brad Richardson (Buf) for Hooking (Minor) at 12:25, Michael Frolik (Buf) for Hooking (Minor) at 16:04
3rd period
4. Jets , Marco Scandella 13 (Marcus Johansson 24, Nino Niederreiter 22) at 5:30
5. Jets , Derek Roy 21 (Nino Niederreiter 23, Justin Braun 1) at 6:26
6. Jets , Nino Niederreiter 22 (Derek Roy 28) at 15:14
7. Jets , Mike Richards 36 (Jacob Trouba 13) at 16:16
8. Sabres , Michael Frolik 21 (Andrei Loktionov 31, Ilya Kovalchuk 45) at 17:26
Penalties :
Jacob Trouba (Win) for Slashing (Minor) at 18:13
Overtime #1
No Goal
Penalties :
No Penalty
Shootout
Jets, Benoit Pouliot - Shot Misses the Net
Sabres, Evander Kane - Goal!
Jets, Mike Richards - Stopped by Robin Lehner
Sabres, Michael Frolik - Shot Hit the Post
Jets, Corey Perry - Shot Misses the Net
Penalties :
No Penalty
Goalie Stats
Kari Lehtonen (Win), 33 saves from 37 shots - (0.892), OTL, 16-17-2, 65:00 minutes
Robin Lehner (Buf), 34 saves from 38 shots - (0.895), W, 41-20-3, 65:00 minutes
Players Stats for Jets
Player Name G A P +/- PIM S H SB GA TA FO MP PP MP PK MP
------------------------------------------------------------------------------------
Benoit Pouliot 0 0 0 -2 0 3 2 1 1 0 1/2 19:49 2:59 0:16
Corey Perry 0 0 0 -2 0 1 2 0 0 1 0/0 22:05 2:53 0:35
Derek Roy 1 1 2 2 0 3 1 0 0 0 4/7 14:00 0:00 1:00
Derek Stepan 0 0 0 -2 2 3 1 1 0 1 16/29 20:30 2:59 0:00
Eric Gelinas 0 0 0 0 0 1 0 2 1 0 0/0 22:54 2:42 3:23
Erik Haula 0 0 0 1 0 3 1 1 0 0 4/7 21:47 2:58 3:31
Jacob Trouba 0 1 1 0 2 1 3 1 0 0 0/0 19:13 0:00 0:37
Jared Spurgeon 0 0 0 0 0 0 1 1 0 0 0/0 14:24 2:42 0:00
Joe Colborne 0 0 0 0 0 0 1 0 0 0 1/4 8:05 0:00 0:00
Justin Braun 0 1 1 0 2 0 0 0 0 1 0/0 12:17 0:00 0:36
Kevin Hayes 0 0 0 0 0 1 1 0 0 0 0/0 8:05 0:00 0:00
Lee Stempniak 0 0 0 1 0 3 1 0 1 0 0/0 14:16 0:06 0:00
Marco Scandella 1 0 1 1 0 5 3 5 0 3 0/0 30:49 3:15 3:42
Marcus Johansson 0 1 1 2 0 1 0 0 0 0 0/0 11:58 0:00 0:00
Mike Richards 1 0 1 1 0 7 2 0 0 0 8/17 19:17 2:58 1:00
Nino Niederreiter 1 2 3 2 0 2 1 3 0 0 1/2 17:04 2:58 3:15
Ronalds Kenins 0 0 0 0 0 0 1 1 0 0 0/0 8:05 0:00 0:00
Tyler Myers 0 0 0 1 0 4 3 2 0 0 0/0 30:24 3:15 1:32
Players Stats for Sabres
Player Name G A P +/- PIM S H SB GA TA FO MP PP MP PK MP
------------------------------------------------------------------------------------
Andrei Loktionov 1 1 2 2 0 4 1 0 0 0 14/28 21:39 1:31 0:25
Brad Richardson 0 0 0 -1 2 2 1 0 0 1 0/0 14:28 0:00 0:00
Brandon Sutter 0 0 0 -2 0 0 1 1 0 0 5/8 12:46 0:00 3:10
Darcy Hordichuk 0 0 0 -2 0 0 0 0 0 0 0/0 6:47 0:00 0:00
Darren Reid 0 0 0 -2 0 1 2 0 0 0 0/0 9:16 0:00 2:22
Evander Kane 0 0 0 -1 0 1 1 1 1 0 3/3 18:39 1:31 0:40
Ilya Kovalchuk 2 1 3 2 2 5 3 0 1 0 3/4 20:08 3:11 0:00
Jared Cowen 0 1 1 0 0 1 2 0 0 0 0/0 24:37 1:15 2:05
Mathew Dumba 0 0 0 -1 0 1 2 1 0 1 0/0 24:37 1:15 2:05
Matt Martin 0 0 0 0 0 3 2 1 1 0 0/0 14:02 0:00 2:55
Michael Frolik 1 2 3 2 2 4 0 0 1 0 1/2 21:24 1:31 0:00
Michael Kostka 0 0 0 0 0 4 4 3 0 0 0/0 28:43 3:27 3:52
Randy Jones 0 0 0 0 0 0 0 1 0 0 0/0 13:30 0:00 0:00
Rob Scuderi 0 0 0 0 0 1 1 1 0 0 0/0 11:40 0:00 0:00
Sean Monahan 0 0 0 -1 0 4 0 0 1 0 5/13 18:11 3:11 0:00
Vincent Lecavalier 0 0 0 0 0 3 0 0 0 0 2/8 15:03 0:00 2:22
Zach Bogosian 0 1 1 -1 0 3 1 3 1 1 0/0 26:53 3:27 3:52
Zack Kassian 0 2 2 0 0 0 3 1 0 0 0/2 11:37 3:11 0:00
3 Stars
1 - Ilya Kovalchuk (Buf)
2 - Nino Niederreiter (Win)
3 - Andrei Loktionov (Buf)
Power Play
Jets - 0 on 3 Attempt(s) - 0.00%
Sabres - 1 on 3 Attempt(s) - 33.33%
Penalty Kill
Jets - 2 on 3 Attempt(s) - 66.67%
- Score 0 goal in Penalty Kill
Sabres - 3 on 3 Attempt(s) - 100.00%
- Score 0 goal in Penalty Kill
Team Stat
Jets - Hits : 24 - Faceoff Wins : 35 - Blocked Shots : 18 - Penalty Minutes : 6
Sabres - Hits : 24 - Faceoff Wins : 33 - Blocked Shots : 13 - Penalty Minutes : 6
Official
Referees : Unknown
Linesman : Unknown
Game Notes
No Game Note
Finance
Level 1 -- Attendance: 5869 (97.82%) -- Ticket Income $522,341
Level 2 -- Attendance: 4678 (93.56%) -- Ticket Income $257,290
Level 3 -- Attendance: 1919 (95.95%) -- Ticket Income $67,165
Level 4 -- Attendance: 3034 (75.85%) -- Ticket Income $81,918
Luxury Box -- Attendance: 927 (92.70%) -- Ticket Income $145,539
Game was played at the Duff Garden.
Total Attendance: 16427 (91.26%)
Total Ticket Income: $1,074,253
Other Income: $161,138
Total Income: $1,235,391
Jets
5 vs 5 Forward
Center Left Wing Right Wing Time % Phy DF OF
1 Derek Stepan Benoit Pouliot Corey Perry 35 1 2 2
2 Mike Richards Erik Haula Lee Stempniak 32 1 2 2
3 Derek Roy Marcus Johansson Nino Niederreiter 23 2 1 2
4 Joe Colborne Ronalds Kenins Kevin Hayes 10 1 2 2
5 vs 5 Defense
Defense Defense Time % Phy DF OF
1 Marco Scandella Tyler Myers 38 1 2 2
2 Jacob Trouba Eric Gelinas 30 1 2 2
3 Jared Spurgeon Justin Braun 22 1 2 2
4 Marco Scandella Tyler Myers 10 1 2 2
PowerPlay Forward
Center Left Wing Right Wing Time % Phy DF OF
1 Derek Stepan Benoit Pouliot Corey Perry 60 0 0 5
2 Mike Richards Erik Haula Nino Niederreiter 40 0 1 4
PowerPlay Defense
Defense Defense Time % Phy DF OF
1 Marco Scandella Tyler Myers 60 0 1 4
2 Eric Gelinas Jared Spurgeon 40 0 1 4
Penalty Kill 4 Players Forward
Center Wing Time % Phy DF OF
1 Erik Haula Nino Niederreiter 60 0 4 1
2 Derek Roy Mike Richards 40 0 4 1
Penalty Kill 4 Players Defense
Defense Defense Time % Phy DF OF
1 Marco Scandella Eric Gelinas 60 1 4 0
2 Tyler Myers Jacob Trouba 40 1 4 0
Penalty Kill - 3 Players Forward
Forward Time % Phy DF OF
1 Erik Haula 60 0 4 1
2 Nino Niederreiter 40 0 4 1
Penalty Kill - 3 Players Defense
Defense Defense Time % Phy DF OF
1 Marco Scandella Eric Gelinas 60 1 4 0
2 Jacob Trouba Tyler Myers 40 0 5 0
4 vs 4 Forward
Center Wing Time % Phy DF OF
1 Derek Stepan Corey Perry 60 1 2 2
2 Mike Richards Benoit Pouliot 40 1 2 2
4 vs 4 Defense
Defense Defense Time % Phy DF OF
1 Tyler Myers Marco Scandella 60 1 2 2
2 Jacob Trouba Eric Gelinas 40 1 2 2
Last Minutes Offensive
Center Left Wing Right Wing Defense Defense
Derek Stepan Benoit Pouliot Corey Perry Tyler Myers Marco Scandella
Last Minutes Defensive
Center Left Wing Right Wing Defense Defense
Derek Roy Erik Haula Nino Niederreiter Marco Scandella Tyler Myers
Goaltenders
Starting : Kari Lehtonen
Backup : Jonathan Bernier
Extra Forwards
Normal : Benoit Pouliot, Derek Stepan, Corey Perry - PP : Benoit Pouliot, Derek Stepan - PK : Corey Perry
Extra Defensemen
Normal : Tyler Myers, Marco Scandella, Eric Gelinas - PP : Marco Scandella - PK : Marco Scandella, Eric Gelinas
Penalty Shots
Benoit Pouliot, Mike Richards, Corey Perry, Derek Stepan, Erik Haula
Scratches
Matt Cooke (Healthy)
Sabres
5 vs 5 Forward
Center Left Wing Right Wing Time % Phy DF OF
1 Andrei Loktionov Ilya Kovalchuk Michael Frolik 40 0 1 4
2 Sean Monahan Evander Kane Brad Richardson 30 0 1 4
3 Vincent Lecavalier Matt Martin Zack Kassian 19 1 2 2
4 Brandon Sutter Darcy Hordichuk Darren Reid 11 0 2 3
5 vs 5 Defense
Defense Defense Time % Phy DF OF
1 Michael Kostka Jared Cowen 40 1 3 1
2 Mathew Dumba Zach Bogosian 32 1 2 2
3 Rob Scuderi Randy Jones 20 2 3 0
4 Mathew Dumba Zach Bogosian 8 1 2 2
PowerPlay Forward
Center Left Wing Right Wing Time % Phy DF OF
1 Sean Monahan Ilya Kovalchuk Zack Kassian 53 0 0 5
2 Andrei Loktionov Evander Kane Michael Frolik 47 1 0 4
PowerPlay Defense
Defense Defense Time % Phy DF OF
1 Zach Bogosian Michael Kostka 53 0 1 4
2 Jared Cowen Mathew Dumba 47 1 1 3
Penalty Kill 4 Players Forward
Center Wing Time % Phy DF OF
1 Brandon Sutter Matt Martin 55 1 4 0
2 Vincent Lecavalier Darren Reid 45 1 4 0
Penalty Kill 4 Players Defense
Defense Defense Time % Phy DF OF
1 Michael Kostka Zach Bogosian 55 1 4 0
2 Mathew Dumba Jared Cowen 45 1 4 0
Penalty Kill - 3 Players Forward
Forward Time % Phy DF OF
1 Brandon Sutter 60 0 5 0
2 Darcy Hordichuk 40 0 5 0
Penalty Kill - 3 Players Defense
Defense Defense Time % Phy DF OF
1 Rob Scuderi Jared Cowen 60 1 4 0
2 Mathew Dumba Zach Bogosian 40 1 4 0
4 vs 4 Forward
Center Wing Time % Phy DF OF
1 Vincent Lecavalier Evander Kane 50 0 2 3
2 Andrei Loktionov Michael Frolik 50 0 1 4
4 vs 4 Defense
Defense Defense Time % Phy DF OF
1 Michael Kostka Randy Jones 50 0 4 1
2 Mathew Dumba Jared Cowen 50 0 4 1
Last Minutes Offensive
Center Left Wing Right Wing Defense Defense
Andrei Loktionov Evander Kane Michael Frolik Zach Bogosian Jared Cowen
Last Minutes Defensive
Center Left Wing Right Wing Defense Defense
Brandon Sutter Evander Kane Michael Frolik Zach Bogosian Jared Cowen
Goaltenders
Starting : Robin Lehner
Backup : Jonas Hiller
Extra Forwards
Normal : Brandon Sutter, Andrei Loktionov, Sean Monahan - PP : Ilya Kovalchuk, Sean Monahan - PK : Brandon Sutter
Extra Defensemen
Normal : Zach Bogosian, Randy Jones, Mathew Dumba - PP : Zach Bogosian - PK : Rob Scuderi, Randy Jones
Penalty Shots
Evander Kane, Michael Frolik, Vincent Lecavalier, Sean Monahan, Zack Kassian
Scratches
Jakub Kindl (Healthy), Josef Vasicek (Healthy), Scottie Upshall (Healthy), Sergei Samsonov (Healthy)
% Time on Ice - Jets
Lines # - Real PCT - Wanted PCT - Time Play
Normal Forward
1 - 31% - 35% - 15:08
2 - 29% - 32% - 14:10
3 - 24% - 23% - 11:58
4 - 16% - 10% - 8:05
Normal Defense
1 - 36% - 38% - 17:47
2 - 34% - 30% - 16:58
3 - 24% - 22% - 11:42
4 - 6% - 10% - 2:54
PP Forward
1 - 50% - 60% - 2:59
2 - 50% - 40% - 2:58
PP Defense
1 - 55% - 60% - 3:15
2 - 45% - 40% - 2:42
PK Forward
1 - 79% - 60% - 3:42
2 - 21% - 40% - 1:00
PK Defense
1 - 67% - 60% - 3:10
2 - 33% - 40% - 1:32
PK3 Forward
1 - 100% - 60% - 0:13
2 - 0% - 40% - 0:00
PK3 Defense
1 - 100% - 60% - 0:13
2 - 0% - 40% - 0:00
44 Forward
1 - 80% - 60% - 3:51
2 - 20% - 40% - 0:56
44 Defense
1 - 67% - 60% - 3:11
2 - 33% - 40% - 1:36
Last Minute Offensive - 0:00
Last Minute Defensive - 0:00
Total
Forward - 65:00
Defense - 65:00
|
% Time on Ice - Sabres
Lines # - Real PCT - Wanted PCT - Time Play
Normal Forward
1 - 35% - 40% - 17:25
2 - 30% - 30% - 14:35
3 - 21% - 19% - 10:34
4 - 14% - 11% - 6:47
Normal Defense
1 - 40% - 40% - 19:34
2 - 32% - 32% - 15:44
3 - 24% - 20% - 11:40
4 - 5% - 8% - 2:23
PP Forward
1 - 68% - 53% - 3:11
2 - 32% - 47% - 1:31
PP Defense
1 - 73% - 53% - 3:27
2 - 27% - 47% - 1:15
PK Forward
1 - 60% - 55% - 3:35
2 - 40% - 45% - 2:22
PK Defense
1 - 65% - 55% - 3:52
2 - 35% - 45% - 2:05
PK3 Forward
1 - 0% - 60%
2 - 0% - 40%
PK3 Defense
1 - 0% - 60%
2 - 0% - 40%
44 Forward
1 - 47% - 50% - 2:22
2 - 53% - 50% - 2:38
44 Defense
1 - 37% - 50% - 1:50
2 - 63% - 50% - 3:10
Last Minute Offensive - 0:00
Last Minute Defensive - 0:00
Total
Forward - 65:00
Defense - 65:00
|
Play-by-Play
1st period
0:01 of 1st period - Derek Stepan wins face-off versus Andrei Loktionov in neutral zone.
0:04 of 1st period - Wrist shot by Corey Perry.
0:04 of 1st period - Deflect By Derek Stepan.
0:04 of 1st period - Shot Blocked by Michael Kostka.
0:04 of 1st period - Puck is out of play.
0:05 of 1st period - Andrei Loktionov wins face-off versus Derek Stepan in Sabres zone.
0:22 of 1st period - Wrist shot by Ilya Kovalchuk.
0:22 of 1st period - Stopped by Kari Lehtonen with a rebound.
0:35 of 1st period - Off-side.
0:36 of 1st period - Mike Richards wins face-off versus Sean Monahan in neutral zone.
1:28 of 1st period - Brad Richardson is hit by Lee Stempniak and loses puck.
1:33 of 1st period - Slapshot by Lee Stempniak.
1:33 of 1st period - Shot Misses the Net.
1:35 of 1st period - Snap shot by Lee Stempniak.
1:35 of 1st period - Stopped by Robin Lehner with a rebound.
1:37 of 1st period - Snap shot by Mike Richards.
1:37 of 1st period - Stopped by Robin Lehner with a rebound.
1:39 of 1st period - Wrist shot by Marco Scandella.
1:39 of 1st period - Stopped by Robin Lehner with a rebound.
1:59 of 1st period - Slapshot by Zach Bogosian.
1:59 of 1st period - Shot Misses the Net.
2:31 of 1st period - Slapshot by Mike Richards.
2:31 of 1st period - Stopped by Robin Lehner without a rebound.
2:32 of 1st period - Derek Roy wins face-off versus Andrei Loktionov in Sabres zone.
2:43 of 1st period - Slapshot by Derek Roy.
2:43 of 1st period - Shot Misses the Net.
2:45 of 1st period - Slapshot by Jacob Trouba.
2:45 of 1st period - Deflect By Ilya Kovalchuk.
2:45 of 1st period - Stopped by Robin Lehner without a rebound.
2:46 of 1st period - Derek Stepan wins face-off versus Vincent Lecavalier in Sabres zone.
2:57 of 1st period - Slapshot by Derek Stepan.
2:57 of 1st period - Stopped by Robin Lehner with a rebound.
3:05 of 1st period - Jacob Trouba is hit by Michael Kostka and loses puck.
3:46 of 1st period - Wrist shot by Kevin Hayes.
3:46 of 1st period - Stopped by Robin Lehner with a rebound.
3:48 of 1st period - Slapshot by Kevin Hayes.
3:48 of 1st period - Shot Blocked by Randy Jones.
4:30 of 1st period - Joe Colborne is hit by Matt Martin and loses puck.
4:41 of 1st period - Zach Bogosian is hit by Jared Spurgeon.
5:19 of 1st period - Snap shot by Darcy Hordichuk.
5:19 of 1st period - Shot Misses the Net.
6:46 of 1st period - Icing by Jacob Trouba.
6:47 of 1st period - Evander Kane wins face-off versus Mike Richards in Jets zone.
6:52 of 1st period - Snap shot by Evander Kane.
6:52 of 1st period - Shot Misses the Net.
6:54 of 1st period - Slapshot by Jared Cowen.
6:54 of 1st period - Shot Misses the Net.
6:56 of 1st period - Slapshot by Michael Kostka.
6:56 of 1st period - Shot Misses the Net.
7:12 of 1st period - Michael Kostka is hit by Jacob Trouba and loses puck.
7:17 of 1st period - Wrist shot by Benoit Pouliot.
7:17 of 1st period - Shot Misses the Net.
7:39 of 1st period - Snap shot by Kevin Hayes.
7:39 of 1st period - Shot Misses the Net.
7:49 of 1st period - Wrist shot by Andrei Loktionov.
7:49 of 1st period - Shot Blocked by Marco Scandella.
8:01 of 1st period - Snap shot by Michael Frolik.
8:01 of 1st period - Shot Misses the Net.
8:14 of 1st period - Off-side.
8:15 of 1st period - Derek Stepan wins face-off versus Vincent Lecavalier in neutral zone.
8:20 of 1st period - Snap shot by Benoit Pouliot.
8:20 of 1st period - Stopped by Robin Lehner without a rebound.
8:21 of 1st period - Derek Stepan wins face-off versus Vincent Lecavalier in Sabres zone.
8:36 of 1st period - Slapshot by Vincent Lecavalier.
8:36 of 1st period - Shot Blocked by Derek Stepan.
9:00 of 1st period - Wrist shot by Derek Roy.
9:00 of 1st period - Deflect By Marcus Johansson.
9:00 of 1st period - Shot Misses the Net.
9:00 of 1st period - Puck is out of play.
9:01 of 1st period - Brandon Sutter wins face-off versus Mike Richards in Sabres zone.
9:06 of 1st period - Tyler Myers is hit by Darren Reid and loses puck.
9:15 of 1st period - Slapshot by Brandon Sutter.
9:15 of 1st period - Shot Misses the Net.
9:17 of 1st period - Slapshot by Rob Scuderi.
9:17 of 1st period - Stopped by Kari Lehtonen without a rebound.
9:18 of 1st period - Derek Stepan wins face-off versus Andrei Loktionov in Jets zone.
9:33 of 1st period - Benoit Pouliot is hit by Ilya Kovalchuk and loses puck.
10:31 of 1st period - Snap shot by Brandon Sutter.
10:31 of 1st period - Shot Misses the Net.
10:33 of 1st period - Snap shot by Michael Kostka.
10:33 of 1st period - Shot Misses the Net.
11:17 of 1st period - Wrist shot by Zack Kassian.
11:17 of 1st period - Deflect By Vincent Lecavalier.
11:17 of 1st period - Shot Misses the Net.
11:17 of 1st period - Puck is out of play.
11:18 of 1st period - Derek Roy wins face-off versus Sean Monahan in Jets zone.
11:33 of 1st period - Zach Bogosian is hit by Nino Niederreiter and loses puck.
11:40 of 1st period - Snap shot by Derek Roy.
11:40 of 1st period - Shot Misses the Net.
11:42 of 1st period - Slapshot by Marcus Johansson.
11:42 of 1st period - Shot Misses the Net.
12:00 of 1st period - Wrist shot by Brad Richardson.
12:00 of 1st period - Stopped by Kari Lehtonen with a rebound.
12:08 of 1st period - Slapshot by Nino Niederreiter.
12:08 of 1st period - Stopped by Robin Lehner with a rebound.
12:32 of 1st period - Snap shot by Marcus Johansson.
12:32 of 1st period - Stopped by Robin Lehner without a rebound.
12:33 of 1st period - Andrei Loktionov wins face-off versus Derek Stepan in Sabres zone.
12:44 of 1st period - Snap shot by Andrei Loktionov.
12:44 of 1st period - Shot Misses the Net.
12:46 of 1st period - Snap shot by Jared Cowen.
12:46 of 1st period - Shot Blocked by Benoit Pouliot.
12:48 of 1st period - Snap shot by Ilya Kovalchuk.
12:48 of 1st period - Shot Misses the Net.
13:02 of 1st period - Snap shot by Zack Kassian.
13:02 of 1st period - Deflect By Matt Martin.
13:02 of 1st period - Stopped by Kari Lehtonen with a rebound.
13:12 of 1st period - Snap shot by Erik Haula.
13:12 of 1st period - Shot Blocked by Zack Kassian.
13:22 of 1st period - Snap shot by Vincent Lecavalier.
13:22 of 1st period - Stopped by Kari Lehtonen without a rebound.
13:23 of 1st period - Derek Stepan wins face-off versus Andrei Loktionov in Jets zone.
13:25 of 1st period - Minor Penalty to Derek Stepan for Holding.
13:26 of 1st period - Ilya Kovalchuk wins face-off versus Erik Haula in Jets zone.
13:28 of 1st period - Wrist shot by Sean Monahan.
13:28 of 1st period - Stopped by Kari Lehtonen with a rebound.
13:30 of 1st period - Slapshot by Michael Kostka.
13:30 of 1st period - Stopped by Kari Lehtonen with a rebound.
13:32 of 1st period - Slapshot by Michael Kostka.
13:32 of 1st period - Stopped by Kari Lehtonen without a rebound.
13:33 of 1st period - Erik Haula wins face-off versus Sean Monahan in Jets zone.
14:25 of 1st period - Slapshot by Michael Kostka.
14:25 of 1st period - Deflect By Sean Monahan.
14:25 of 1st period - Stopped by Kari Lehtonen without a rebound.
14:26 of 1st period - Erik Haula wins face-off versus Andrei Loktionov in Jets zone.
15:25 of 1st period - Penalty to Derek Stepan is over, Derek Stepan is back on ice.
15:56 of 1st period - Snap shot by Corey Perry.
15:56 of 1st period - Shot Blocked by Zach Bogosian.
15:58 of 1st period - Snap shot by Benoit Pouliot.
15:58 of 1st period - Shot Misses the Net.
16:28 of 1st period - Wrist shot by Derek Stepan.
16:28 of 1st period - Stopped by Robin Lehner with a rebound.
16:30 of 1st period - Slapshot by Tyler Myers.
16:30 of 1st period - Shot Blocked by Michael Kostka.
16:56 of 1st period - Snap shot by Benoit Pouliot.
16:56 of 1st period - Shot Blocked by Brandon Sutter.
17:22 of 1st period - Slapshot by Derek Stepan.
17:22 of 1st period - Shot Misses the Net.
17:38 of 1st period - Snap shot by Benoit Pouliot.
17:38 of 1st period - Shot Blocked by Zach Bogosian.
17:47 of 1st period - Wrist shot by Corey Perry.
17:47 of 1st period - Shot Misses the Net.
17:49 of 1st period - Slapshot by Tyler Myers.
17:49 of 1st period - Stopped by Robin Lehner without a rebound.
17:50 of 1st period - Andrei Loktionov wins face-off versus Mike Richards in Sabres zone.
17:55 of 1st period - Lee Stempniak is hit by Ilya Kovalchuk and loses puck.
18:06 of 1st period - Wrist shot by Mike Richards.
18:06 of 1st period - Deflect By Erik Haula.
18:06 of 1st period - Shot Misses the Net.
18:06 of 1st period - Puck is out of play.
18:07 of 1st period - Derek Roy wins face-off versus Sean Monahan in Sabres zone.
18:34 of 1st period - Rob Scuderi is hit by Mike Richards.
18:47 of 1st period - Jared Spurgeon is hit by Ilya Kovalchuk and loses puck.
19:16 of 1st period - Evander Kane is hit by Marco Scandella and loses puck.
Goals for this period are 0 for Jets vs 0 for Sabres.
Shots for this period are 12 for Jets vs 9 for Sabres.
2nd period
0:01 of 2nd period - Andrei Loktionov wins face-off versus Mike Richards in neutral zone.
0:05 of 2nd period - Snap shot by Mathew Dumba.
0:05 of 2nd period - Stopped by Kari Lehtonen with a rebound.
0:07 of 2nd period - Wrist shot by Ilya Kovalchuk.
0:07 of 2nd period - Stopped by Kari Lehtonen with a rebound.
0:09 of 2nd period - Backhand shot by Ilya Kovalchuk.
0:09 of 2nd period - Stopped by Kari Lehtonen without a rebound.
0:10 of 2nd period - Ilya Kovalchuk wins face-off versus Mike Richards in Jets zone.
0:34 of 2nd period - Snap shot by Andrei Loktionov.
0:34 of 2nd period - Shot Misses the Net.
0:36 of 2nd period - Snap shot by Andrei Loktionov.
0:36 of 2nd period - Stopped by Kari Lehtonen with a rebound.
0:38 of 2nd period - Snap shot by Zach Bogosian.
0:38 of 2nd period - Stopped by Kari Lehtonen with a rebound.
0:40 of 2nd period - Slapshot by Ilya Kovalchuk.
0:40 of 2nd period - Shot Blocked by Marco Scandella.
0:58 of 2nd period - Snap shot by Erik Haula.
0:58 of 2nd period - Stopped by Robin Lehner with a rebound.
1:21 of 2nd period - Off-side.
1:22 of 2nd period - Benoit Pouliot wins face-off versus Sean Monahan in neutral zone.
1:27 of 2nd period - Wrist shot by Derek Stepan.
1:27 of 2nd period - Stopped by Robin Lehner with a rebound.
1:35 of 2nd period - Wrist shot by Benoit Pouliot.
1:35 of 2nd period - Shot Blocked by Evander Kane.
1:49 of 2nd period - Brandon Sutter is hit by Jacob Trouba and loses puck.
2:12 of 2nd period - Snap shot by Ronalds Kenins.
2:12 of 2nd period - Shot Blocked by Matt Martin.
2:14 of 2nd period - Snap shot by Ronalds Kenins.
2:14 of 2nd period - Shot Misses the Net.
3:19 of 2nd period - Icing by Joe Colborne.
3:20 of 2nd period - Derek Stepan wins face-off versus Andrei Loktionov in Jets zone.
3:20 of 2nd period - Derek Stepan is hit by Jared Cowen.
3:42 of 2nd period - Minor Penalty to Ilya Kovalchuk for Delaying the game.
3:43 of 2nd period - Derek Stepan wins face-off versus Brandon Sutter in Sabres zone.
3:52 of 2nd period - Slapshot by Zach Bogosian.
3:52 of 2nd period - Shot Misses the Net.
4:18 of 2nd period - Wrist shot by Vincent Lecavalier.
4:18 of 2nd period - Shot Misses the Net.
5:00 of 2nd period - Icing by Corey Perry.
5:01 of 2nd period - Derek Stepan wins face-off versus Brandon Sutter in Jets zone.
5:10 of 2nd period - Slapshot by Nino Niederreiter.
5:10 of 2nd period - Shot Misses the Net.
5:28 of 2nd period - Nino Niederreiter is hit by Matt Martin and loses puck.
5:42 of 2nd period - Penalty to Ilya Kovalchuk is over, Ilya Kovalchuk is back on ice.
5:58 of 2nd period - Icing by Ronalds Kenins.
5:59 of 2nd period - Andrei Loktionov wins face-off versus Joe Colborne in Jets zone.
6:00 of 2nd period - Snap shot by Ilya Kovalchuk.
6:00 of 2nd period - Shot Blocked by Ronalds Kenins.
6:31 of 2nd period - Snap shot by Mike Richards.
6:31 of 2nd period - Stopped by Robin Lehner without a rebound.
6:32 of 2nd period - Mike Richards wins face-off versus Sean Monahan in Sabres zone.
6:45 of 2nd period - Snap shot by Mike Richards.
6:45 of 2nd period - Stopped by Robin Lehner without a rebound.
6:46 of 2nd period - Andrei Loktionov wins face-off versus Derek Stepan in Sabres zone.
7:44 of 2nd period - Wrist shot by Nino Niederreiter.
7:44 of 2nd period - Shot Misses the Net.
7:46 of 2nd period - Wrist shot by Marcus Johansson.
7:46 of 2nd period - Shot Blocked by Mathew Dumba.
7:53 of 2nd period - Icing by Zach Bogosian.
7:54 of 2nd period - Brandon Sutter wins face-off versus Joe Colborne in Sabres zone.
7:54 of 2nd period - Brandon Sutter is hit by Joe Colborne.
8:18 of 2nd period - Minor Penalty to Justin Braun for Roughing.
8:19 of 2nd period - Sean Monahan wins face-off versus Erik Haula in Jets zone.
8:22 of 2nd period - Wrist shot by Zach Bogosian.
8:22 of 2nd period - Shot Blocked by Marco Scandella.
8:24 of 2nd period - Snap shot by Zach Bogosian.
8:24 of 2nd period - Shot Blocked by Nino Niederreiter.
8:26 of 2nd period - Slapshot by Michael Kostka.
8:26 of 2nd period - Stopped by Kari Lehtonen with a rebound.
8:28 of 2nd period - Snap shot by Sean Monahan.
8:28 of 2nd period - Stopped by Kari Lehtonen without a rebound.
8:29 of 2nd period - Nino Niederreiter wins face-off versus Sean Monahan in Jets zone.
8:55 of 2nd period - Slapshot by Zach Bogosian.
8:55 of 2nd period - Deflect By Erik Haula.
8:55 of 2nd period - Stopped by Kari Lehtonen with a rebound.
8:57 of 2nd period - Snap shot by Sean Monahan.
8:57 of 2nd period - Stopped by Kari Lehtonen with a rebound.
8:59 of 2nd period - Slapshot by Michael Kostka.
8:59 of 2nd period - Shot Blocked by Nino Niederreiter.
9:15 of 2nd period - Slapshot by Zach Bogosian.
9:15 of 2nd period - Deflect By Ilya Kovalchuk.
9:15 of 2nd period - Goal by Ilya Kovalchuk - Jets : 0 - Sabres : 1.
9:16 of 2nd period - Brandon Sutter wins face-off versus Derek Stepan in neutral zone.
9:41 of 2nd period - Ilya Kovalchuk is hit by Tyler Myers.
10:07 of 2nd period - Marco Scandella is hit by Mathew Dumba and loses puck.
10:37 of 2nd period - Off-side.
10:38 of 2nd period - Andrei Loktionov wins face-off versus Derek Stepan in neutral zone.
10:41 of 2nd period - Wrist shot by Michael Frolik.
10:41 of 2nd period - Stopped by Kari Lehtonen with a rebound.
10:43 of 2nd period - Slapshot by Jared Cowen.
10:43 of 2nd period - Shot Misses the Net.
10:45 of 2nd period - Wrist shot by Ilya Kovalchuk.
10:45 of 2nd period - Goal by Ilya Kovalchuk - Jets : 0 - Sabres : 2.
10:46 of 2nd period - Mike Richards wins face-off versus Michael Frolik in neutral zone.
10:54 of 2nd period - Mike Richards is hit by Michael Kostka.
11:02 of 2nd period - Wrist shot by Erik Haula.
11:02 of 2nd period - Shot Misses the Net.
11:14 of 2nd period - Benoit Pouliot is hit by Brad Richardson.
11:20 of 2nd period - Sean Monahan is hit by Corey Perry and loses puck.
11:34 of 2nd period - Icing by Jacob Trouba.
11:35 of 2nd period - Vincent Lecavalier wins face-off versus Derek Stepan in Jets zone.
11:44 of 2nd period - Snap shot by Andrei Loktionov.
11:44 of 2nd period - Goal by Andrei Loktionov - Jets : 0 - Sabres : 3.
11:45 of 2nd period - Mike Richards wins face-off versus Andrei Loktionov in neutral zone.
12:25 of 2nd period - Minor Penalty to Brad Richardson for Hooking.
12:26 of 2nd period - Derek Stepan wins face-off versus Brandon Sutter in Sabres zone.
12:52 of 2nd period - Jared Spurgeon is hit by Zach Bogosian and loses puck.
13:25 of 2nd period - Mathew Dumba is hit by Benoit Pouliot.
14:25 of 2nd period - Penalty to Brad Richardson is over, Brad Richardson is back on ice.
14:50 of 2nd period - Marcus Johansson is hit by Rob Scuderi and loses puck.
15:08 of 2nd period - Brad Richardson is hit by Derek Roy and loses puck.
15:39 of 2nd period - Mathew Dumba is hit by Corey Perry and loses puck.
15:44 of 2nd period - Wrist shot by Marcus Johansson.
15:44 of 2nd period - Deflect By Derek Roy.
15:44 of 2nd period - Stopped by Robin Lehner with a rebound.
15:48 of 2nd period - Wrist shot by Marcus Johansson.
15:48 of 2nd period - Shot Misses the Net.
15:50 of 2nd period - Snap shot by Derek Roy.
15:50 of 2nd period - Stopped by Robin Lehner without a rebound.
15:51 of 2nd period - Mike Richards wins face-off versus Andrei Loktionov in Sabres zone.
15:55 of 2nd period - Icing by Ilya Kovalchuk.
15:56 of 2nd period - Mike Richards wins face-off versus Andrei Loktionov in Sabres zone.
16:04 of 2nd period - Minor Penalty to Michael Frolik for Hooking.
16:05 of 2nd period - Brandon Sutter wins face-off versus Mike Richards in Sabres zone.
16:15 of 2nd period - Wrist shot by Mike Richards.
16:15 of 2nd period - Stopped by Robin Lehner with a rebound.
16:17 of 2nd period - Slapshot by Tyler Myers.
16:17 of 2nd period - Stopped by Robin Lehner with a rebound.
16:19 of 2nd period - Slapshot by Tyler Myers.
16:19 of 2nd period - Deflect By Michael Kostka.
16:19 of 2nd period - Stopped by Robin Lehner without a rebound.
16:20 of 2nd period - Brandon Sutter wins face-off versus Mike Richards in Sabres zone.
18:04 of 2nd period - Penalty to Michael Frolik is over, Michael Frolik is back on ice.
18:10 of 2nd period - Brandon Sutter is hit by Kevin Hayes and loses puck.
18:42 of 2nd period - Wrist shot by Sean Monahan.
18:42 of 2nd period - Shot Blocked by Eric Gelinas.
18:44 of 2nd period - Snap shot by Brad Richardson.
18:44 of 2nd period - Stopped by Kari Lehtonen with a rebound.
18:48 of 2nd period - Snap shot by Evander Kane.
18:48 of 2nd period - Stopped by Kari Lehtonen without a rebound.
18:49 of 2nd period - Joe Colborne wins face-off versus Sean Monahan in Jets zone.
18:56 of 2nd period - Joe Colborne is hit by Evander Kane and loses puck.
19:01 of 2nd period - Wrist shot by Evander Kane.
19:01 of 2nd period - Shot Blocked by Jared Spurgeon.
Goals for this period are 0 for Jets vs 3 for Sabres.
Shots for this period are 9 for Jets vs 15 for Sabres.
3rd period
0:01 of 3rd period - Andrei Loktionov wins face-off versus Derek Stepan in neutral zone.
0:08 of 3rd period - Derek Stepan is hit by Andrei Loktionov and loses puck.
0:15 of 3rd period - Wrist shot by Michael Frolik.
0:15 of 3rd period - Shot Misses the Net.
0:27 of 3rd period - Jared Cowen is hit by Tyler Myers and loses puck.
1:14 of 3rd period - Snap shot by Darcy Hordichuk.
1:14 of 3rd period - Deflect By Darren Reid.
1:14 of 3rd period - Stopped by Kari Lehtonen without a rebound.
1:15 of 3rd period - Andrei Loktionov wins face-off versus Joe Colborne in Jets zone.
2:07 of 3rd period - Justin Braun is hit by Zack Kassian.
2:11 of 3rd period - Wrist shot by Matt Martin.
2:11 of 3rd period - Stopped by Kari Lehtonen with a rebound.
2:25 of 3rd period - Marcus Johansson is hit by Brandon Sutter and loses puck.
3:11 of 3rd period - Sean Monahan is hit by Ronalds Kenins and loses puck.
3:26 of 3rd period - Wrist shot by Vincent Lecavalier.
3:26 of 3rd period - Stopped by Kari Lehtonen without a rebound.
3:27 of 3rd period - Mike Richards wins face-off versus Vincent Lecavalier in Jets zone.
4:08 of 3rd period - Icing by Rob Scuderi.
4:09 of 3rd period - Mike Richards wins face-off versus Ilya Kovalchuk in Sabres zone.
4:10 of 3rd period - Slapshot by Erik Haula.
4:10 of 3rd period - Stopped by Robin Lehner with a rebound.
4:12 of 3rd period - Wrist shot by Erik Haula.
4:12 of 3rd period - Deflect By Lee Stempniak.
4:12 of 3rd period - Stopped by Robin Lehner with a rebound.
4:14 of 3rd period - Wrist shot by Mike Richards.
4:14 of 3rd period - Shot Blocked by Rob Scuderi.
4:16 of 3rd period - Slapshot by Tyler Myers.
4:16 of 3rd period - Deflect By Erik Haula.
4:16 of 3rd period - Stopped by Robin Lehner with a rebound.
4:18 of 3rd period - Snap shot by Marco Scandella.
4:18 of 3rd period - Stopped by Robin Lehner with a rebound.
4:20 of 3rd period - Slapshot by Marco Scandella.
4:20 of 3rd period - Stopped by Robin Lehner without a rebound.
4:21 of 3rd period - Evander Kane wins face-off versus Derek Stepan in Sabres zone.
4:21 of 3rd period - Evander Kane is hit by Derek Stepan.
5:14 of 3rd period - Snap shot by Nino Niederreiter.
5:14 of 3rd period - Shot Misses the Net.
5:28 of 3rd period - Snap shot by Marcus Johansson.
5:28 of 3rd period - Shot Blocked by Michael Kostka.
5:30 of 3rd period - Slapshot by Marco Scandella.
5:30 of 3rd period - Goal by Marco Scandella - Jets : 1 - Sabres : 3.
5:31 of 3rd period - Derek Stepan wins face-off versus Andrei Loktionov in neutral zone.
5:57 of 3rd period - Erik Haula is hit by Zack Kassian and loses puck.
6:26 of 3rd period - Snap shot by Derek Roy.
6:26 of 3rd period - Goal by Derek Roy - Jets : 2 - Sabres : 3.
6:27 of 3rd period - Andrei Loktionov wins face-off versus Derek Stepan in neutral zone.
7:01 of 3rd period - Snap shot by Zack Kassian.
7:01 of 3rd period - Shot Blocked by Erik Haula.
7:03 of 3rd period - Slapshot by Jared Cowen.
7:03 of 3rd period - Deflect By Vincent Lecavalier.
7:03 of 3rd period - Shot Blocked by Tyler Myers.
7:03 of 3rd period - Puck is out of play.
7:04 of 3rd period - Sean Monahan wins face-off versus Derek Stepan in Jets zone.
7:05 of 3rd period - Snap shot by Evander Kane.
7:05 of 3rd period - Shot Misses the Net.
7:07 of 3rd period - Slapshot by Mathew Dumba.
7:07 of 3rd period - Shot Blocked by Jacob Trouba.
7:09 of 3rd period - Slapshot by Zach Bogosian.
7:09 of 3rd period - Deflect By Eric Gelinas.
7:09 of 3rd period - Stopped by Kari Lehtonen without a rebound.
7:10 of 3rd period - Sean Monahan wins face-off versus Derek Stepan in Jets zone.
7:43 of 3rd period - Backhand shot by Lee Stempniak.
7:43 of 3rd period - Shot Blocked by Zach Bogosian.
7:45 of 3rd period - Snap shot by Eric Gelinas.
7:45 of 3rd period - Deflect By Zach Bogosian.
7:45 of 3rd period - Stopped by Robin Lehner without a rebound.
7:46 of 3rd period - Andrei Loktionov wins face-off versus Mike Richards in Sabres zone.
8:11 of 3rd period - Michael Kostka is hit by Benoit Pouliot and loses puck.
9:11 of 3rd period - Wrist shot by Lee Stempniak.
9:11 of 3rd period - Stopped by Robin Lehner with a rebound.
9:13 of 3rd period - Slapshot by Tyler Myers.
9:13 of 3rd period - Shot Misses the Net.
9:15 of 3rd period - Slapshot by Marco Scandella.
9:15 of 3rd period - Stopped by Robin Lehner with a rebound.
9:17 of 3rd period - Slapshot by Tyler Myers.
9:17 of 3rd period - Stopped by Robin Lehner without a rebound.
9:18 of 3rd period - Andrei Loktionov wins face-off versus Derek Stepan in Sabres zone.
9:39 of 3rd period - Ilya Kovalchuk is hit by Tyler Myers and loses puck.
9:58 of 3rd period - Snap shot by Mike Richards.
9:58 of 3rd period - Stopped by Robin Lehner with a rebound.
11:16 of 3rd period - Wrist shot by Matt Martin.
11:16 of 3rd period - Stopped by Kari Lehtonen without a rebound.
11:17 of 3rd period - Erik Haula wins face-off versus Zack Kassian in Jets zone.
11:22 of 3rd period - Vincent Lecavalier is hit by Mike Richards and loses puck.
11:49 of 3rd period - Slapshot by Vincent Lecavalier.
11:49 of 3rd period - Shot Misses the Net.
11:55 of 3rd period - Slapshot by Vincent Lecavalier.
11:55 of 3rd period - Shot Misses the Net.
11:57 of 3rd period - Wrist shot by Vincent Lecavalier.
11:57 of 3rd period - Stopped by Kari Lehtonen without a rebound.
11:58 of 3rd period - Michael Frolik wins face-off versus Derek Stepan in Jets zone.
12:37 of 3rd period - Snap shot by Evander Kane.
12:37 of 3rd period - Shot Misses the Net.
12:49 of 3rd period - Brandon Sutter is hit by Jacob Trouba and loses puck.
14:08 of 3rd period - Sean Monahan is hit by Marco Scandella and loses puck.
14:26 of 3rd period - Snap shot by Joe Colborne.
14:26 of 3rd period - Shot Misses the Net.
14:40 of 3rd period - Justin Braun is hit by Zack Kassian and loses puck.
15:02 of 3rd period - Off-side.
15:03 of 3rd period - Derek Stepan wins face-off versus Andrei Loktionov in neutral zone.
15:10 of 3rd period - Icing by Jared Cowen.
15:11 of 3rd period - Derek Roy wins face-off versus Andrei Loktionov in Sabres zone.
15:14 of 3rd period - Backhand shot by Nino Niederreiter.
15:14 of 3rd period - Goal by Nino Niederreiter - Jets : 3 - Sabres : 3.
15:15 of 3rd period - Andrei Loktionov wins face-off versus Derek Roy in neutral zone.
15:18 of 3rd period - Derek Roy is hit by Michael Kostka and loses puck.
16:16 of 3rd period - Snap shot by Mike Richards.
16:16 of 3rd period - Goal by Mike Richards - Jets : 4 - Sabres : 3.
16:17 of 3rd period - Ilya Kovalchuk wins face-off versus Derek Roy in neutral zone.
16:24 of 3rd period - Wrist shot by Andrei Loktionov.
16:24 of 3rd period - Stopped by Kari Lehtonen without a rebound.
16:25 of 3rd period - Andrei Loktionov wins face-off versus Derek Roy in Jets zone.
16:32 of 3rd period - Snap shot by Michael Frolik.
16:32 of 3rd period - Stopped by Kari Lehtonen with a rebound.
16:34 of 3rd period - Wrist shot by Michael Frolik.
16:34 of 3rd period - Shot Blocked by Tyler Myers.
16:44 of 3rd period - Wrist shot by Michael Frolik.
16:44 of 3rd period - Shot Misses the Net.
16:46 of 3rd period - Snap shot by Andrei Loktionov.
16:46 of 3rd period - Shot Misses the Net.
17:06 of 3rd period - Wrist shot by Michael Frolik.
17:06 of 3rd period - Stopped by Kari Lehtonen with a rebound.
17:08 of 3rd period - Wrist shot by Jared Cowen.
17:08 of 3rd period - Shot Blocked by Nino Niederreiter.
17:24 of 3rd period - Slapshot by Andrei Loktionov.
17:24 of 3rd period - Stopped by Kari Lehtonen with a rebound.
17:26 of 3rd period - Wrist shot by Andrei Loktionov.
17:26 of 3rd period - Deflect By Michael Frolik.
17:26 of 3rd period - Goal by Michael Frolik - Jets : 4 - Sabres : 4.
17:27 of 3rd period - Derek Stepan wins face-off versus Zack Kassian in neutral zone.
17:40 of 3rd period - Snap shot by Benoit Pouliot.
17:40 of 3rd period - Stopped by Robin Lehner with a rebound.
17:42 of 3rd period - Slapshot by Jacob Trouba.
17:42 of 3rd period - Shot Misses the Net.
17:54 of 3rd period - Eric Gelinas is hit by Darren Reid and loses puck.
18:13 of 3rd period - Minor Penalty to Jacob Trouba for Slashing.
18:14 of 3rd period - Sean Monahan wins face-off versus Nino Niederreiter in Jets zone.
18:19 of 3rd period - Snap shot by Zach Bogosian.
18:19 of 3rd period - Shot Blocked by Marco Scandella.
19:00 of 3rd period - Icing by Sean Monahan.
19:01 of 3rd period - Sean Monahan wins face-off versus Erik Haula in Sabres zone.
Goals for this period are 4 for Jets vs 1 for Sabres.
Shots for this period are 15 for Jets vs 11 for Sabres.
Overtime #1
0:01 of 1st overtime period - Erik Haula wins face-off versus Vincent Lecavalier in neutral zone.
0:11 of 1st overtime period - Snap shot by Evander Kane.
0:11 of 1st overtime period - Shot Blocked by Eric Gelinas.
0:13 of 1st overtime period - Penalty to Jacob Trouba is over, Jacob Trouba is back on ice.
0:13 of 1st overtime period - Slapshot by Michael Kostka.
0:13 of 1st overtime period - Shot Blocked by Marco Scandella.
0:15 of 1st overtime period - Slapshot by Michael Kostka.
0:15 of 1st overtime period - Stopped by Kari Lehtonen without a rebound.
0:16 of 1st overtime period - Derek Stepan wins face-off versus Andrei Loktionov in Jets zone.
0:25 of 1st overtime period - Wrist shot by Corey Perry.
0:25 of 1st overtime period - Stopped by Robin Lehner without a rebound.
0:26 of 1st overtime period - Derek Stepan wins face-off versus Andrei Loktionov in Sabres zone.
1:42 of 1st overtime period - Slapshot by Michael Frolik.
1:42 of 1st overtime period - Shot Misses the Net.
1:44 of 1st overtime period - Slapshot by Jared Cowen.
1:44 of 1st overtime period - Stopped by Kari Lehtonen with a rebound.
1:46 of 1st overtime period - Slapshot by Jared Cowen.
1:46 of 1st overtime period - Deflect By Michael Frolik.
1:46 of 1st overtime period - Shot Misses the Net.
1:46 of 1st overtime period - Puck is out of play.
1:47 of 1st overtime period - Evander Kane wins face-off versus Mike Richards in Jets zone.
1:57 of 1st overtime period - Icing by Jacob Trouba.
1:58 of 1st overtime period - Vincent Lecavalier wins face-off versus Benoit Pouliot in Jets zone.
2:21 of 1st overtime period - Wrist shot by Benoit Pouliot.
2:21 of 1st overtime period - Deflect By Michael Kostka.
2:21 of 1st overtime period - Stopped by Robin Lehner without a rebound.
2:22 of 1st overtime period - Derek Stepan wins face-off versus Vincent Lecavalier in Sabres zone.
3:26 of 1st overtime period - Benoit Pouliot is hit by Jared Cowen and loses puck.
3:53 of 1st overtime period - Marco Scandella is hit by Michael Kostka and loses puck.
4:03 of 1st overtime period - Snap shot by Brandon Sutter.
4:03 of 1st overtime period - Shot Misses the Net.
4:31 of 1st overtime period - Jared Cowen is hit by Erik Haula and loses puck.
4:44 of 1st overtime period - Mathew Dumba is hit by Marco Scandella and loses puck.
4:57 of 1st overtime period - Marco Scandella is hit by Mathew Dumba and loses puck.
Goals for this period are 0 for Jets vs 0 for Sabres.
Shots for this period are 2 for Jets vs 2 for Sabres.
ShootOut
5:00 of 1st overtime period - Round #1.
5:00 of 1st overtime period - Jets, Benoit Pouliot.
5:00 of 1st overtime period - Backhand shot by Benoit Pouliot.
5:00 of 1st overtime period - Shot Misses the Net.
5:00 of 1st overtime period - Sabres, Evander Kane.
5:00 of 1st overtime period - Wrist shot by Evander Kane.
5:00 of 1st overtime period - Goal by Evander Kane.
5:00 of 1st overtime period - Round #2.
5:00 of 1st overtime period - Jets, Mike Richards.
5:00 of 1st overtime period - Backhand shot by Mike Richards.
5:00 of 1st overtime period - Stopped by Robin Lehner.
5:00 of 1st overtime period - Sabres, Michael Frolik.
5:00 of 1st overtime period - Deke by Michael Frolik.
5:00 of 1st overtime period - Shot Hit the Post.
5:00 of 1st overtime period - Round #3.
5:00 of 1st overtime period - Jets, Corey Perry.
5:00 of 1st overtime period - Deke by Corey Perry.
5:00 of 1st overtime period - Shot Misses the Net.
Back to the Top